 Dungeon Crawl Stone Soup version 0.21.1-1-g345015f (webtiles) character file.

1103 Kairos the Shield-Bearer (level 8, -8/61 HPs)
             Began as a Human Fighter on Apr 1, 2018.
             Was an Initiate of Okawaru.
             Mangled by a two-headed ogre
             ... wielding a +0 giant club
              (15 damage)
             ... on level 5 of the Dungeon.
             The game lasted 00:07:06 (3766 turns).

Kairos the Shield-Bearer (Human Fighter)            Turns: 3766, Time: 00:07:07

Health: -8/61      AC:  7    Str: 17    XL:     8   Next: 58%
Magic:  8/8        EV:  8    Int:  9    God:    Okawaru [......]
Gold:   214        SH: 10    Dex: 14    Spells: 7/7 levels left

rFire    + . .     SeeInvis .   k - +2 whip (drain)
rCold    . . .     Gourm    .   c - +0 shield
rNeg     . . .     Faith    .   w - +0 scale mail (curse)
rPois    .         Spirit   .   (no helmet)
rElec    .         Reflect  .   (no cloak)
rCorr    .         Harm     .   (no gloves)
MR       .....                  (no boots)
Stlth    ..........             (no amulet)
HPRegen  0.20/turn              u - ring of protection from fire
MPRegen  0.11/turn              (no ring)

@: no status effects
A: no striking features
a: Renounce Religion


You were on level 5 of the Dungeon.
You worshipped Okawaru.
Okawaru was noncommittal.
You were not hungry.

You visited 1 branch of the dungeon, and saw 5 of its levels.

You collected 214 gold pieces.

Inventory:

Hand Weapons
 a - a +0 war axe
 k - a +2 whip of draining (weapon)
 x - a +0 flail of venom
Missiles
 y - 7 tomahawks (quivered)
 A - a throwing net
Armour
 b - a +0 scale mail
 c - a +0 shield (worn)
 p - a +0 chain mail
 w - a cursed +0 scale mail (worn)
Jewellery
 u - a ring of protection from fire (left hand)
Wands
 z - a wand of flame (28)
Scrolls
 e - a scroll of immolation {unknown}
 i - a scroll of enchant armour {unknown}
 j - 2 scrolls of teleportation {unknown}
 l - 6 scrolls of identify
 m - 3 scrolls of fog {unknown}
 n - 2 scrolls of enchant weapon {unknown}
 q - a scroll of fear {unknown}
 r - a scroll of blinking {unknown}
 v - 2 scrolls of remove curse {unknown}
Potions
 d - a potion of might
 g - 2 potions of heal wounds {unknown}
 h - a potion of agility {unknown}
 o - a potion of resistance {unknown}
 s - a potion of curing {unknown}
 t - a potion of lignification {unknown}
 C - a potion of brilliance {unknown}
Comestibles
 f - 10 rations
 B - 2 chunks of flesh


   Skills:
 + Level 4.5 Fighting
 + Level 2.3(3.9) Axes
 + Level 4.9(5.2) Maces & Flails
 + Level 5.0 Armour
 + Level 1.9 Dodging
 + Level 0.5 Stealth
 + Level 6.0 Shields


You had 7 spell levels left.
You didn't know any spells.

Dungeon Overview and Level Annotations

Branches:
Dungeon (5/15)
 Temple: D:4-7

Altars:
Gozag
Kikubaaqudgha
Okawaru
Xom
Yredelemnul


Message History

You block the two-headed ogre's attack.
The two-headed ogre hits you with a giant club.
You hit the two-headed ogre but do no damage.
You drain the two-headed ogre!
The two-headed ogre is moderately wounded.
You hit the two-headed ogre.
The two-headed ogre is moderately wounded.
The two-headed ogre hits you with a giant club!
The two-headed ogre barely misses you.
You hit the two-headed ogre.
The two-headed ogre is moderately wounded.
The two-headed ogre hits you with a giant club!!
* * * LOW HITPOINT WARNING * * *
The two-headed ogre hits you with a giant club!
* * * LOW HITPOINT WARNING * * *
You see here 22 stones.
You hit the two-headed ogre.
The two-headed ogre is heavily wounded.
The two-headed ogre hits you with a giant club!
You die...

#.... #.# #.#.. #....
#.## #.#.. ###....##
#..# #.#.. ........#
#####.######.#..
#.....# #.........#
#.)...# #.........#
#.....# #............
#.....#####.....>......
#####...O@.......[.....
###############..#. ..#
..


You could see a two-headed ogre.

Vanquished Creatures
  A hippogriff (D:4)
  2 big kobolds (D:4)
  A scorpion (D:2)
  A crimson imp (D:5)
  5 hounds
  A bullfrog skeleton (D:4)
  A jelly (D:5)
  An orc priest (D:4)
  2 iguanas (D:5)
  5 orc wizards
  2 worker ants (D:4)
  A worker ant zombie (D:5)
  3 gnolls (D:4)
  10 adders
  An ooze (D:4)
  4 worms
  2 dart slugs (D:2)
  3 leopard geckos
  15 orcs
  5 giant cockroaches
  4 goblins
  6 hobgoblins
  2 jackals (D:3)
  14 kobolds
  2 quokkas
  2 ball pythons
  9 bats
  4 frilled lizards
  A jackal skeleton (D:4)
  A quokka zombie (D:5)
  8 rats
119 creatures vanquished.

Notes
Turn   | Place    | Note
-------+----------+-------------------------------------------
     0 | D:1      | Kairos the Human Fighter began the quest for the Orb.
     0 | D:1      | Reached XP level 1. HP: 18/18 MP: 1/1
   116 | D:1      | Reached XP level 2. HP: 20/24 MP: 2/2
   676 | D:2      | Reached XP level 3. HP: 23/29 MP: 3/3
   793 | D:2      | Reached XP level 4. HP: 24/35 MP: 4/4
   797 | D:2      | Found an opulent altar of Gozag.
   850 | D:2      | Reached skill level 1 in Maces & Flails
   908 | D:2      | Reached XP level 5. HP: 31/41 MP: 5/5
   976 | D:2      | Found a basalt altar of Yredelemnul.
  1339 | D:3      | Reached skill level 4 in Shields
  1400 | D:3      | Reached XP level 6. HP: 34/47 MP: 6/6
  1855 | D:4      | Reached skill level 1 in Dodging
  1878 | D:4      | Reached XP level 7. HP: 45/52 MP: 7/7
  2084 | D:4      | Reached skill level 5 in Shields
  2517 | D:4      | Noticed a hippogriff
  2534 | D:4      | Killed a hippogriff
  2534 | D:4      | Reached XP level 8. HP: 25/60 MP: 8/8
  2968 | D:4      | Found an ancient bone altar of Kikubaaqudgha.
  2971 | D:4      | Found an iron altar of Okawaru.
  2975 | D:4      | Became a worshipper of Warmaster Okawaru
  2979 | D:4      | Found a shimmering altar of Xom.
  3144 | D:5      | Entered Level 5 of the Dungeon
  3625 | D:5      | Reached skill level 5 in Armour
  3625 | D:5      | Reached skill level 6 in Shields
  3753 | D:5      | Noticed a two-headed ogre
  3766 | D:5      | Mangled by a two-headed ogre

Skill      XL: |  1  2  3  4  5  6  7  8 |
---------------+-------------------------+-----
Maces & Flails | 2 3 4 |  4.9
Shields        | 4 5 6 |  6.0
Armour         | 4 5 |  5.0
Dodging        | 1 |  1.9
Fighting       | 4 |  4.5
Axes           | |  2.3
Stealth        | |  0.5

Action                   |  1- 3 |  4- 6 |  7- 9 || total
-------------------------+-------+-------+-------++-------
Melee: War axe           |    35 |       |       ||    35
       Whip              |    69 |   170 |   251 ||   490
  Use: Scroll            |       |       |     1 ||     1
  Eat: Chunk             |       |     3 |     7 ||    10
Armor: Scale mail        |    48 |    26 |    75 ||   149
       Chain mail        |       |    52 |       ||    52
Dodge: Dodged            |    24 |    31 |    57 ||   112
Block: Shield            |    37 |   106 |   119 ||   262
